 Dungeon Crawl Stone Soup version 0.28.0 (webtiles) character file.

Game seed: 12734361630469195118

139 Steelback the Changer (level 5, -3/60 HPs)
             Began as a Draconian Transmuter on Feb 14, 2022.
             Killed from afar by a white imp (11 damage)
             ... with a puff of frost
             ... summoned by Natasha
             ... on level 3 of the Dungeon.
             The game lasted 00:09:37 (2733 turns).

Steelback the Changer (Draconian Transmuter)        Turns: 2733, Time: 00:09:38

Health: -3/60      AC: 22    Str: 19    XL:     5   Next: 1%
Magic:  9/9        EV:  2    Int: 13    God:
Gold:   61         SH:  0    Dex: 12    Spells: 3/9 levels left

rFire   . . .      SeeInvis .   e - +8 spear "Efuisofi" {vorpal, Str+5}
rCold   . . .      Faith    .   (no shield)
rNeg    . . .      Spirit   .   (armour unavailable)
rPois   +          Reflect  .   (helmet currently unavailable)
rElec   .          Harm     .   (cloak currently unavailable)
rCorr   .          Rampage  .   (gloves currently unavailable)
Will    .....      NoTele   +   (boots currently unavailable)
Stlth   +.........              (no amulet)
HPRegen 0.20/turn               (no ring)
MPRegen 0.11/turn               (no ring)

@: tree-form
A: stationary, stasis, torment immunity, boosted hp, AC +5, unfitting armour,
(cold-blooded)
a: no special abilities


You were on level 3 of the Dungeon.
You were a tree.
You visited 1 branch of the dungeon, and saw 3 of its levels.

You collected 61 gold pieces.

Inventory:

Hand Weapons
 e - the +8 spear "Efuisofi" (weapon) {vorpal, Str+5}
   (You found it on level 2 of the Dungeon)

   It inflicts extra damage upon your enemies.
   Str:       It affects your strength (+5).
Scrolls
 d - 2 scrolls of identify
 f - a scroll of blinking
Potions
 a - 2 potions of attraction
 b - 2 potions of berserk rage
 g - a potion of ambrosia {unknown}


   Skills:
 + Level 1.6 Fighting
 - Level 0.1 Polearms
 + Level 2.1 Dodging
 + Level 3.6 Unarmed Combat
 + Level 2.9 Spellcasting
 * Level 3.7 Transmutations


You had 3 spell levels left.
You knew the following spells:

 Your Spells              Type           Power      Damage    Failure   Level
a - Beastly Appendage     Tmut           22%        N/A       4%          1
b - Wereblood             Tmut           11%        N/A       8%          2
c - Spider Form           Tmut/Pois      6%         N/A       32%         3

Your spell library contained the following spells:

 Spells                   Type           Power      Damage    Failure   Level
 Ice Form                 Ice/Tmut       6%         N/A       71%         4
 Passage of Golubria      Tloc           1%         N/A       93%         4
 Silence                  Hex/Air        0%         N/A       100%        5
 Lehudib's Crystal Spear  Conj/Erth      0%         10d2      100%        8


Dungeon Overview and Level Annotations

Branches:
Dungeon (3/15)

Altars:
Uskayaw

Annotations:
D:3 Ijyb, Natasha


Innate Abilities, Weirdness & Mutations

You are a tree.
Your roots penetrate the ground, keeping you stationary.
You cannot be teleported.
You are immune to unholy pain and torment.
Your maximum health is greatly increased.
Your equipment is partially melded.
((Your plain brown scales are hard. (AC +5)))
You cannot fit into any form of body armour.
((You are cold-blooded and may be slowed by cold attacks.))


Message History

The kobold shouts!
You hear a shout! x2
You puncture the kobold!
You kill the kobold!
No target in view!
Natasha, Servant of Life and Death comes into view.
Items here: ( ) [ †.
You grow a pair of large bovine horns.
Your feet morph into talons.
Natasha hisses angrily.
The orc shouts!
You hear a shout!
You reach to attack!
You barely miss Natasha. You barely miss Natasha.
Ijyb shouts!
Natasha claws you but does no damage.
You barely miss Natasha. Your kick misses Natasha. You tail-slap Natasha.
Natasha is moderately wounded.
Ijyb zaps a wand.
The bolt of acid hits you!!
Ouch! That really hurt!
Natasha barely misses you. x2; Ijyb zaps a wand.
The bolt of acid hits you!
* * * LOW HITPOINT WARNING * * *
You are too injured to fight recklessly!
It was a potion of lignification.
Your horns disappear.
Your talons disappear.
You turn into a tree.
Your roots penetrate the ground.
An orc comes into view. It is wielding a +0 club.
The orc barely misses you. Natasha claws you but does no damage.
You barely miss Natasha.
Natasha is moderately wounded.
The orc hits you but does no damage.
An orc comes into view. It is wielding a +0 short sword.
Natasha mumbles some strange words.
You closely miss Natasha.
Natasha is moderately wounded.
The orc shouts!
You hear a shout!
The orc hits you but does no damage. Natasha claws you but does no damage.
You puncture Natasha!
Natasha is almost dead.
The orc hits you but does no damage. Natasha claws you but does no damage.
The white imp gestures at you. The puff of frost hits you!
You die...

##†..........†...#......
#.......#...............
#.......#........#.......
#.......#.##..#..# .......
##.....##.......###.#.....
##...###..#.[...........#
##.####....#).........#
..##.........h.......#
.............5♣.......#
##........###.o.g......#
#.##...#.###....).....# #.
#.#.#.##.......#..... ...#
..#...#....o..... ...
.....##....#.#### .
....#.# ######.# ...... .
.....# #


You could see Ijyb, Natasha, a white imp (summoned) and 2 orcs.

Vanquished Creatures
  Natasha (D:3)
  5 gnolls
  2 adders
  A dart slug (D:2)
  2 orcs (D:3)
  5 bats
  An endoplasm (D:1)
  3 giant cockroaches
  3 goblins (D:1)
  5 hobgoblins (D:2)
  4 kobolds
  4 quokkas
  3 ball pythons
  2 frilled lizards
  5 rats
46 creatures vanquished.

Vanquished Creatures (others)
  2 plants (D:2)
2 creatures vanquished.

Grand Total: 48 creatures vanquished

Notes
Turn   | Place    | Note
-------+----------+-------------------------------------------
     0 | D:1      | Steelback the Draconian Transmuter began the quest for the
                  | Orb.
     0 | D:1      | Reached XP level 1. HP: 16/16 MP: 3/3
   306 | D:1      | Reached XP level 2. HP: 23/23 MP: 3/5
   824 | D:1      | Found a faded altar of an unknown god.
  1095 | D:1      | Reached XP level 3. HP: 21/28 MP: 4/6
  1230 | D:2      | Learned a level 2 spell: Wereblood
  1234 | D:2      | Learned a level 3 spell: Spider Form
  1287 | D:2      | Found a hide-covered altar of Uskayaw.
  1301 | D:2      | Identified the +8 spear "Efuisofi" {vorpal, Str+5}
  1619 | D:3      | Reached XP level 4. HP: 17/35 MP: 4/7
  2266 | D:3      | Noticed a phantom
  2288 | D:3      | Noticed Ijyb
  2620 | D:3      | Noticed Natasha
  2623 | D:3      | Killed Natasha
  2624 | D:3      | Reached XP level 5. HP: 33/40 MP: 9/9
  2723 | D:3      | Noticed Natasha
  2733 | D:3      | Killed from afar by a white imp

Illustrated notes

Levels and vault maps discovered:
D:1:      tarquinn_simple_flora_water_f, layout_basic,
          chequers_ecumenical_altar_island
D:2:      layout_rooms, basic_altar, serial_forest, infiniplex_forest_lined_1,
          infiniplex_forest_clump_cross, infiniplex_forest_lined_3,
          infiniplex_forest_end_2, infiniplex_forest_join,
          infiniplex_forest_zigzag_1, minmay_misc_feat_doors,
          roderic_serpentine_path
D:3:      layout_rooms, serial_shops, shop, uniq_ijyb, uniq_natasha,
          uniq_grinder

Skill      XL: |  1  2  3  4 |
---------------+-------------+-----
Transmutations | 3 |  3.7
Dodging        | 2 |  2.1
Fighting       | |  1.6
Polearms       | |  0.1
Unarmed Combat | |  3.6
Spellcasting   | |  2.9

Action                   |  1- 3 |  4- 6 || total
-------------------------+-------+-------++-------
Melee: Unarmed           |    69 |       ||    69
       Kick              |    11 |     2 ||    13
       Headbutt          |     8 |     1 ||     9
       Tailslap          |     5 |     2 ||     7
       Punch             |     1 |       ||     1
       Spear             |    10 |    37 ||    47
 Cast: Beastly Appendage |    21 |     9 ||    30
       Wereblood         |     1 |       ||     1
  Use: Scroll            |     4 |     2 ||     6
       Potion            |       |     1 ||     1
 Stab: Sleeping          |     1 |     1 ||     2
Armor: Skin              |    21 |    10 ||    31
Dodge: Dodged            |    56 |    18 ||    74
